[Event "Titled Tuesday Blitz November 29 Early 2022"]
[White "Hambleton, Aman"]
[Black "Aarav Dengla"]
[WhiteFideId "2606577"]
[BlackFideId "45059756"]
[WhiteElo "2538"]
[BlackElo "2261"]
[Result "1-0"]
[Round "03"]
[TimeControl "180+1"]
[Date "2022.11.30"]
[WhiteClock "0:00:03"]
[BlackClock "0:00:05"]

1. d4 d5 2. c4 e6 3. Nc3 a6 4. cxd5 exd5 5. Bf4 Nf6 6. e3 c5 7. Nf3 Nc6 8. Be2 cxd4 9. Nxd4 Bc5 10. Nxc6 bxc6 11. O-O O-O 12. Rc1 Bd6 13. Bxd6 Qxd6 14. Na4 Nd7 15. Qd4 Rb8 16. b3 Re8 17. Rfd1 Bb7 18. Nc5 Nxc5 19. Rxc5 Re4 20. Qc3 Qe5 21. Qxe5 Rxe5 22. Rd4 Re7 23. Ra4 Ra8 24. Kf1 Kf8 25. Rca5 Bc8 26. b4 Rea7 27. Ke1 Ke7 28. Rc5 Kd6 29. Raa5 Rb8 30. a3 Bb7 31. Kd2 Raa8 32. Bd3 h5 33. h4 g6 34. Kc3 Re8 35. Kd4 f5 36. g3 Kc7 37. Rc1 Kb6 38. Bb1 Re6 39. Rc3 Rae8 40. Rc1 R6e7 41. Bd3 Re6 42. Rac5 Ra8 43. Rb1 Kc7 44. a4 Kb6 45. Ra5 Rae8 46. Rb2 R6e7 47. Rc5 Re6 48. Rbc2 Ka7 49. b5 axb5 50. axb5 Kb6 51. bxc6 Bxc6 52. Rb2+ Kc7 53. Ra2 Rb8 54. Rac2 Rb4+ 55. Kc3 Rb6 56. Kd2 Kd6 57. R5c3 Bd7 58. Ke1 Re8 59. Be2 Reb8 60. Rd3 Rb1+ 61. Rd1 Rxd1+ 62. Bxd1 Ba4 63. Rc1 Bxd1 64. Rxd1 Ke6 65. Ke2 Rb6 66. Kf3 Rb4 67. Ra1 Rb6 68. Ra4 Rd6 69. Kf4 Kf6 70. Rd4 Rd8 71. f3 Ke7 72. Kg5 Rd6 73. Kf4 Kf6 74. e4 fxe4 75. fxe4 Ra6 76. Rxd5 Ke6 77. Rb5 Kf6 78. Rd5 Ke6 79. Rc5 Kf6 80. Rb5 Rc6 81. Kf3 Rc3+ 82. Kf4 Rc6 83. Ra5 Ke6 84. Kg5 Rc3 85. Ra6+ Ke5 86. Rxg6 Rxg3+ 87. Kxh5 Rh3 88. Rg4 Rh1 89. Kg5 Ra1 90. h5 Ra8 91. h6 Rg8+ 92. Kh5 Rh8 93. Rg7 Kxe4 94. Kg6 Ra8 95. Re7+ Kf4 96. h7 Kg4 97. Kg7 Kg5 98. h8=Q 1-0


[Site "https://www.chess.com"]

[Event "Titled Tuesday Blitz November 29 Early 2022"]
[White "Han, Yichen"]
[Black "Paravyan, David"]
[WhiteFideId "1054430"]
[BlackFideId "4194985"]
[WhiteElo "2323"]
[BlackElo "2546"]
[Result "0-1"]
[Round "03"]
[TimeControl "180+1"]
[Date "2022.11.30"]
[WhiteClock "0:00:08"]
[BlackClock "0:01:24"]

1. d4 Nf6 2. Nf3 g6 3. Nbd2 d5 4. e3 Bg7 5. b4 a5 6. b5 c5 7. bxc6 Nxc6 8. Be2 O-O 9. O-O Bf5 10. Nb3 a4 11. Nc5 Ne4 12. Nxe4 Bxe4 13. Bd3 Bxf3 14. gxf3 e5 15. dxe5 Nxe5 16. Rb1 Qd7 17. f4 Nxd3 18. cxd3 b5 19. Bb2 Bxb2 20. Rxb2 Rfc8 21. Qf3 Rc3 22. Rfb1 Rb8 23. Qe2 d4 24. exd4 Qxd4 25. Rxb5 Rxb5 26. Rxb5 Qxf4 27. Qe8+ Kg7 28. Qe5+ Qxe5 29. Rxe5 Rxd3 30. Re4 Ra3 31. Re2 Kf6 32. Kg2 Kf5 33. Rb2 g5 34. Rb7 Kg6 35. Rb2 g4 36. Rc2 h5 37. Rb2 f5 38. Rc2 Kg5 39. Rb2 Kh4 40. Rc2 f4 41. Rb2 f3+ 42. Kf1 Kh3 43. Kg1 h4 44. Rc2 Rd3 45. Rc1 Rd2 46. Ra1 a3 47. Rf1 Rxa2 0-1


[Site "https://www.chess.com"]

[Event "Titled Tuesday Blitz November 29 Early 2022"]
[White "Hansen, Eric"]
[Black "Zhu, Jiner"]
[WhiteFideId "2606771"]
[BlackFideId "8608059"]
[WhiteElo "2568"]
[BlackElo "2384"]
[Result "1-0"]
[Round "03"]
[TimeControl "180+1"]
[Date "2022.11.30"]
[WhiteClock "0:01:17"]
[BlackClock "0:00:13"]

1. e4 e5 2. Nf3 Nc6 3. Bb5 a6 4. Ba4 d6 5. O-O Bd7 6. c3 g6 7. d4 Bg7 8. Re1 Nf6 9. d5 Ne7 10. c4 O-O 11. Nc3 Bxa4 12. Qxa4 Nd7 13. Be3 h6 14. Nd2 f5 15. f3 g5 16. b4 g4 17. fxg4 fxg4 18. c5 Ng6 19. g3 h5 20. Rf1 Qe7 21. c6 bxc6 22. dxc6 Nf6 23. Bg5 Qe6 24. Qb3 Qxb3 25. axb3 Nh7 26. Rxf8+ Bxf8 27. Be3 Ne7 28. b5 a5 29. Nc4 Nf6 30. Bg5 Kf7 31. Rf1 Bg7 32. b6 cxb6 33. Nxb6 Ra6 34. Bxf6 Bxf6 35. Ncd5 Rxb6 36. Nxb6 1-0


[Site "https://www.chess.com"]

[Event "Titled Tuesday Blitz November 29 Early 2022"]
[White "Hnydiuk, Aleksander"]
[Black "Cardoso Cardoso, Jose Gabriel"]
[WhiteFideId "1109057"]
[BlackFideId "4430492"]
[WhiteElo "2374"]
[BlackElo "2484"]
[Result "0-1"]
[Round "03"]
[TimeControl "180+1"]
[Date "2022.11.30"]
[WhiteClock "0:00:02"]
[BlackClock "0:00:28"]

1. e4 g6 2. d4 Bg7 3. Nc3 d6 4. f4 a6 5. Nf3 b5 6. Bd3 Nd7 7. e5 Nh6 8. Ne4 c5 9. c3 Bb7 10. O-O O-O 11. Qe2 cxd4 12. cxd4 Nb6 13. Bd2 Nd5 14. Rae1 Rc8 15. h3 Qd7 16. g4 f5 17. gxf5 Nxf5 18. Kh2 Bh6 19. Neg5 Rce8 20. h4 dxe5 21. fxe5 Nc7 22. h5 Nxd4 23. Nxd4 Qxd4 24. Ne4 Qxe5+ 25. Kh1 Bxd2 26. Qxd2 Bxe4+ 27. Bxe4 Rxf1+ 0-1


[Site "https://www.chess.com"]

[Event "Titled Tuesday Blitz November 29 Early 2022"]
[White "Hoffmann, Asa"]
[Black "Timofeev, Artyom"]
[WhiteFideId "2001470"]
[BlackFideId "4140419"]
[WhiteElo "2117"]
[BlackElo "2586"]
[Result "0-1"]
[Round "03"]
[TimeControl "180+1"]
[Date "2022.11.30"]
[WhiteClock "0:00:08"]
[BlackClock "0:00:23"]

1. d4 d5 2. Bg5 f6 3. Bf4 c5 4. e3 Nc6 5. Nf3 Bg4 6. Be2 e6 7. c3 Bd6 8. Bg3 Nge7 9. Nbd2 O-O 10. e4 cxd4 11. cxd4 Bxf3 12. Bxf3 Nxd4 13. exd5 Nxf3+ 14. Qxf3 Nxd5 15. O-O Bxg3 16. hxg3 Re8 17. Rad1 Qb6 18. Nc4 Qa6 19. Qb3 Rad8 20. Rfe1 h6 21. a3 Kh8 22. Rd3 Qc6 23. Na5 Qb6 24. Qa4 Re7 25. Nc4 Qc7 26. b3 a6 27. Ne3 Nxe3 28. Rdxe3 e5 29. Qg4 Qd7 30. Qg6 Qe8 31. Qf5 Qf7 32. b4 Kg8 33. f4 Rde8 34. fxe5 fxe5 35. Qe4 Qe6 36. Qh4 Qg6 37. Qe4 Qxe4 38. Rxe4 Kf7 39. Kf2 Kf6 40. g4 Rc7 41. R1e2 Rc3 42. R4e3 Rxe3 43. Kxe3 Rc8 44. Rf2+ Ke6 45. Kd3 Rc1 46. Rf8 Ra1 47. Rb8 Rxa3+ 48. Ke4 Rg3 49. Rxb7 Rxg4+ 50. Kf3 Rf4+ 51. Ke3 Rg4 52. Kf3 h5 53. Rb6+ Kf5 54. Rxa6 Rxb4 55. Ra7 Rb3+ 56. Kf2 g5 57. Rf7+ Kg4 58. Re7 Rb5 59. Ke3 Kg3 60. Rg7 g4 61. Rg5 h4 0-1


[Site "https://www.chess.com"]

[Event "Titled Tuesday Blitz November 29 Early 2022"]
[White "Huber, Benedikt"]
[Black "Ankudinova, Yelena"]
[WhiteFideId "12923583"]
[BlackFideId "13702114"]
[WhiteElo "2199"]
[BlackElo "1930"]
[Result "0-1"]
[Round "03"]
[TimeControl "180+1"]
[Date "2022.11.30"]
[WhiteClock "0:00:53"]
[BlackClock "0:01:23"]

1. d4 Nf6 2. Nc3 d5 3. Bf4 a6 4. e3 Bf5 5. f3 e6 6. g4 Bg6 7. h4 h5 8. g5 Nfd7 9. Bd3 Bxd3 10. Qxd3 g6 11. e4 Nb6 12. O-O-O Bd6 13. Nh3 Bxf4+ 14. Nxf4 Qd6 15. Qd2 Nc4 16. e5 Qb4 0-1


[Site "https://www.chess.com"]

[Event "Titled Tuesday Blitz November 29 Early 2022"]
[White "Ingebretsen, Jens E"]
[Black "Bogaudinov, Rushan"]
[WhiteFideId "1522965"]
[BlackFideId "4129288"]
[WhiteElo "2213"]
[BlackElo "1997"]
[Result "1-0"]
[Round "03"]
[TimeControl "180+1"]
[Date "2022.11.30"]
[WhiteClock "0:00:12"]
[BlackClock "0:00:11"]

1. f4 b6 2. b3 Bb7 3. Bb2 e6 4. Nf3 Nf6 5. g3 c5 6. Bg2 d5 7. O-O Be7 8. e3 O-O 9. d3 a5 10. Nbd2 a4 11. a3 axb3 12. cxb3 b5 13. Qe2 Qb6 14. Kh1 Nc6 15. Ne5 Nxe5 16. Bxe5 Nd7 17. Bb2 Bf6 18. Nf3 Bxb2 19. Qxb2 Rfb8 20. b4 c4 21. Nd4 Rc8 22. Qc3 Nf6 23. dxc4 dxc4 24. Qc2 Bxg2+ 25. Qxg2 Ng4 26. Qf3 f5 27. Rfc1 Nf6 28. Rc2 Ne4 29. Kg2 Kf7 30. g4 g6 31. h4 Ra7 32. h5 Rg8 33. a4 Rxa4 34. Rxa4 bxa4 35. Rxc4 a3 36. Qe2 Qb7 37. Kg1 gxh5 38. g5 h6 39. Qc2 a2 40. Rc7+ Kg6 41. Rxb7 a1=Q+ 42. Kg2 hxg5 43. Qb3 Re8 44. Rb6 h4 45. Rxe6+ Kh5 46. Rxe8 h3+ 47. Kh2 Kg4 48. Qc2 Qf1 49. Qe2+ Qxe2+ 50. Nxe2 Kf3 51. fxg5 Nxg5 52. Ng1+ Kg4 53. Nxh3 Nxh3 54. Rg8+ Kf3 55. Kxh3 Kxe3 56. Rf8 Ke4 57. b5 Ke5 58. b6 Ke6 59. b7 f4 60. b8=Q 1-0


[Site "https://www.chess.com"]

[Event "Titled Tuesday Blitz November 29 Early 2022"]
[White "Izuzquiza Gonzalez, Javier"]
[Black "Pinheiro, Iung Alicio de O."]
[WhiteFideId "3101029"]
[BlackFideId "2104350"]
[WhiteElo "2034"]
[BlackElo "2283"]
[Result "0-1"]
[Round "03"]
[TimeControl "180+1"]
[Date "2022.11.30"]
[WhiteClock "0:00:04"]
[BlackClock "0:00:04"]

1. d4 Nf6 2. c4 g6 3. Nf3 Bg7 4. g3 O-O 5. Bg2 d6 6. O-O Nbd7 7. Nc3 e5 8. e4 exd4 9. Nxd4 Re8 10. h3 a6 11. Qc2 Rb8 12. Be3 Ne5 13. b3 c5 14. Nde2 b5 15. cxb5 axb5 16. Rad1 c4 17. f4 Nd3 18. bxc4 bxc4 19. Nc1 Rb2 20. Qa4 Rxg2+ 21. Kxg2 Nb2 22. Qb5 Nxd1 23. Rxd1 Nxe4 24. Nxe4 Rxe4 25. Bb6 Qe7 26. Qc6 Re2+ 27. Kf1 Bxh3+ 28. Kg1 Rg2+ 29. Kh1 Rxg3 30. Kh2 Qh4 31. Qe8+ Bf8 32. Qd8 Qg4 33. Rd2 Bf1 34. Bd4 Rh3# 0-1


[Site "https://www.chess.com"]

[Event "Titled Tuesday Blitz November 29 Early 2022"]
[White "Jain, Naveen"]
[Black "Sadubayev, Airat"]
[WhiteFideId "5003970"]
[BlackFideId "13713264"]
[WhiteElo "2036"]
[BlackElo "2160"]
[Result "1-0"]
[Round "03"]
[TimeControl "180+1"]
[Date "2022.11.30"]
[WhiteClock "0:00:06"]
[BlackClock "0:00:08"]

1. c4 c6 2. g3 d5 3. Bg2 Nf6 4. Nf3 dxc4 5. Qc2 Be6 6. Ng5 Bd5 7. e4 h6 8. exd5 hxg5 9. dxc6 Nxc6 10. Qxc4 Rc8 11. Qb5 Qd7 12. O-O Nd4 13. Qxd7+ Kxd7 14. Nc3 b6 15. d3 g4 16. Be3 Nf3+ 17. Bxf3 gxf3 18. h4 e6 19. Rfe1 Bb4 20. Bd4 Rhd8 21. Bxf6 gxf6 22. Rac1 Bc5 23. Re4 Ke8 24. Rf4 Rxd3 25. Rxf6 Bd4 26. Rf4 f5 27. Re1 Bxc3 28. bxc3 Kd7 29. c4 Rc5 30. Re3 Rxe3 31. fxe3 Ke7 32. g4 fxg4 33. Rxg4 Ra5 34. Kf2 Rxa2+ 35. Kxf3 Kf6 36. h5 Rh2 37. Rg6+ Kf5 38. e4+ Ke5 39. Rg5+ Kf6 40. Rg6+ Ke5 41. Rg5+ Kf6 42. Rg6+ Kf7 43. Rg5 Rc2 44. Kg3 Rc1 45. Kf4 Rxc4 46. h6 Rc1 47. Rg7+ Kf8 48. Rxa7 Rh1 49. h7 b5 50. Ke5 Rh6 51. Kd4 Rh5 52. e5 Rh4+ 53. Kc5 b4 54. Kd6 Rh6 55. Rb7 Rh4 56. Kxe6 Rh6+ 57. Kf5 Rh3 58. e6 b3 59. Rb8+ Kg7 60. h8=Q+ Rxh8 61. Rxh8 1-0


[Site "https://www.chess.com"]

[Event "Titled Tuesday Blitz November 29 Early 2022"]
[White "Jakubowski, Krzysztof"]
[Black "Donskov, Anatoly"]
[WhiteFideId "1112848"]
[BlackFideId "24143413"]
[WhiteElo "2373"]
[BlackElo "2219"]
[Result "1-0"]
[Round "03"]
[TimeControl "180+1"]
[Date "2022.11.30"]
[WhiteClock "0:00:01"]
[BlackClock "0:00:03"]

1. e4 c5 2. Nf3 e6 3. d4 cxd4 4. Nxd4 Nf6 5. Nc3 Nc6 6. Ndb5 Bc5 7. Bf4 O-O 8. Bc7 Qe7 9. Bd6 Bxd6 10. Qxd6 Qd8 11. O-O-O a6 12. Nd4 Ne7 13. Kb1 b5 14. f3 Bb7 15. Nb3 Bc6 16. h4 Ne8 17. Qg3 b4 18. Ne2 d5 19. h5 h6 20. Ned4 Bd7 21. exd5 Nxd5 22. Bc4 Nef6 23. Bxd5 Nxd5 24. Nf5 Qf6 25. Nd6 a5 26. Nc5 Bc6 27. Nce4 Qe7 28. Nc4 Rfd8 29. Ne5 Be8 30. Rd3 a4 31. Rhd1 Rdb8 32. Nc4 a3 33. b3 f5 34. Ned6 Nc3+ 35. Rxc3 bxc3 36. Qe1 Rd8 37. Qxc3 e5 38. Qd3 Bf7 39. Nxf5 Qc7 40. Ncd6 Be6 41. Nxh6+ Kh8 42. Qg6 1-0


[Site "https://www.chess.com"]

[Event "Titled Tuesday Blitz November 29 Early 2022"]
[White "Janaszak, Dawid"]
[Black "Gorodetzky, David"]
[WhiteFideId "1119206"]
[BlackFideId "2813416"]
[WhiteElo "2226"]
[BlackElo "2497"]
[Result "0-1"]
[Round "03"]
[TimeControl "180+1"]
[Date "2022.11.30"]
[WhiteClock "0:00:03"]
[BlackClock "0:00:03"]

1. e4 e5 2. Nf3 Nc6 3. d4 exd4 4. Nxd4 Nf6 5. Nxc6 dxc6 6. Qxd8+ Kxd8 7. Nc3 Be6 8. Bd2 Kc8 9. O-O-O Ng4 10. Be1 Bc5 11. Rd2 Rd8 12. Rxd8+ Kxd8 13. Nd1 f5 14. h3 Nf6 15. exf5 Bxf5 16. Ne3 Bxe3+ 17. fxe3 Be4 18. Bd3 Kd7 19. Bh4 Re8 20. Rd1 Nd5 21. Bf2 b5 22. Kd2 g6 23. g4 Kd6 24. Bg3+ Kc5 25. Re1 Kb6 26. a3 c5 27. c4 Bxd3 28. cxd5 Be4 29. d6 cxd6 30. Rf1 Re6 31. Rf7 h5 32. Rd7 Kc6 33. Rxa7 hxg4 34. hxg4 Bf3 35. g5 Kd5 36. Bf4 Be4 37. b3 Kc6 38. Ra6+ Kc7 39. a4 Bb7 40. Ra5 bxa4 41. bxa4 Kb6 42. Rb5+ Kc6 43. Rb1 Ba6 44. a5 Bb5 45. Ra1 Re8 46. a6 Ra8 47. a7 Bc4 48. Kc3 Bb5 49. e4 Kd7 50. e5 d5 51. e6+ Kxe6 52. Bb8 d4+ 53. Kb3 Kd5 54. Re1 Bd7 55. Re7 Kc6 56. Rg7 Bf5 57. Kc4 Be6+ 58. Kd3 Kd5 59. Kd2 c4 60. Rxg6 c3+ 61. Kc1 d3 62. Rg7 d2+ 63. Kc2 Bf5+ 64. Kxc3 d1=Q 65. Rc7 Qc2+ 66. Kb4 Qb2+ 67. Ka5 Bd3 68. Rd7+ Ke4 69. Re7+ Kf3 70. Re5 Qc3+ 71. Kb6 Qb4+ 72. Kc7 Be4 73. g6 Bxg6 0-1


[Site "https://www.chess.com"]

[Event "Titled Tuesday Blitz November 29 Early 2022"]
[White "Jaskolka, Tomasz"]
[Black "Ehlvest, Jaan"]
[WhiteFideId "1170791"]
[BlackFideId "4500016"]
[WhiteElo "2126"]
[BlackElo "2430"]
[Result "0-1"]
[Round "03"]
[TimeControl "180+1"]
[Date "2022.11.30"]
[WhiteClock "0:00:08"]
[BlackClock "0:00:39"]

1. d4 d5 2. Bf4 e6 3. e3 Nf6 4. Nd2 Bd6 5. Bg3 O-O 6. c3 c5 7. Ngf3 Nc6 8. Bd3 Qe7 9. Ne5 Qc7 10. f4 Ne7 11. Qf3 b6 12. Bh4 Ng6 13. Bxf6 gxf6 14. Ng4 f5 15. Ne5 Bb7 16. h4 f6 17. Nxg6 hxg6 18. g4 e5 19. Bc2 exf4 20. gxf5 fxe3 21. Nf1 e2 22. Ne3 Rae8 23. Rg1 Bf4 24. Rxg6+ Kh8 25. Qh5+ Qh7 26. Qxh7+ Kxh7 27. Ng2 Bh6 28. Bd3 Bc8 29. h5 c4 30. Bc2 Rf7 31. Kf2 Rfe7 32. Re1 b5 33. Nh4 Bd2 34. Reg1 e1=Q+ 35. Rxe1 Bxe1+ 36. Kf3 Bxh4 37. Kg4 Bg5 38. Rxg5 Re4+ 39. Bxe4 Rxe4+ 40. Kf3 fxg5 41. f6 g4+ 42. Kg3 Be6 43. h6 Kxh6 44. b3 Kg6 45. bxc4 bxc4 46. a4 Kxf6 47. a5 Kg5 48. a6 Re3+ 49. Kf2 Rxc3 50. Kg2 g3 51. Kg1 Kg4 52. Kg2 Bf5 53. Kf1 Bd3+ 54. Kg1 Kf3 55. Kh1 Rc1# 0-1


[Site "https://www.chess.com"]

[Event "Titled Tuesday Blitz November 29 Early 2022"]
[White "Jiganchine, Roman"]
[Black "Leenhouts, Koen"]
[WhiteFideId "2603667"]
[BlackFideId "1008439"]
[WhiteElo "2300"]
[BlackElo "2409"]
[Result "0-1"]
[Round "03"]
[TimeControl "180+1"]
[Date "2022.11.30"]
[WhiteClock "0:00:02"]
[BlackClock "0:00:49"]

1. e4 e5 2. Nf3 d6 3. d4 exd4 4. Nxd4 Nf6 5. Nc3 Be7 6. g3 O-O 7. Bg2 c6 8. a4 a5 9. O-O Na6 10. h3 Nc5 11. Re1 Re8 12. Kh2 Bf8 13. f3 Qb6 14. Rb1 Bd7 15. Bf4 Rad8 16. Qd2 Nh5 17. Bg5 Be7 18. Bxe7 Rxe7 19. Ndb5 Bc8 20. Nd4 Nf6 21. b3 Qb4 22. Rbd1 h6 23. Bf1 Ree8 24. Bc4 Nfd7 25. Nf5 Ne5 26. Be2 Bxf5 27. exf5 d5 28. Qd4 Qxd4 29. Rxd4 Ned7 30. Red1 Re3 31. Bd3 Rxf3 32. Kg2 Re3 33. f6 Nxf6 34. Rf1 Rde8 35. Rf3 Rxf3 36. Kxf3 Nxd3 37. Rxd3 Nd7 38. Kg2 f5 39. Rd2 Kf7 40. Ne2 g5 41. h4 Kf6 42. Nd4 Re4 43. c3 gxh4 44. gxh4 Rxh4 45. Nf3 Rg4+ 46. Kh3 Ne5 47. Nxe5 Kxe5 48. Re2+ Re4 49. Rg2 Re3+ 50. Kh4 Rxc3 0-1


[Site "https://www.chess.com"]

[Event "Titled Tuesday Blitz November 29 Early 2022"]
[White "Jimenez Almeida, Luis David"]
[Black "Postny, Evgeny"]
[WhiteFideId "22242244"]
[BlackFideId "2804344"]
[WhiteElo "2158"]
[BlackElo "2476"]
[Result "0-1"]
[Round "03"]
[TimeControl "180+1"]
[Date "2022.11.30"]
[WhiteClock "0:00:04"]
[BlackClock "0:00:02"]

1. e4 d6 2. d4 Nf6 3. Nc3 g6 4. g3 Bg7 5. Bg2 O-O 6. Nge2 Nc6 7. Be3 e5 8. d5 Ne7 9. h3 Ne8 10. Qd2 f5 11. a4 Nf6 12. Bh6 fxe4 13. Bxg7 Kxg7 14. Bxe4 a6 15. g4 Bd7 16. Ng3 b5 17. Bg2 b4 18. Nce2 a5 19. g5 Nfg8 20. h4 Nf5 21. Nxf5+ Bxf5 22. Ng3 Ne7 23. h5 Qd7 24. b3 Bg4 25. Ne4 Bxh5 26. Nf6 Rxf6 27. gxf6+ Kxf6 28. Bh3 Nf5 29. Rg1 h6 30. Qxh6 Nxh6 31. Bxd7 Nf5 32. Bxf5 Kxf5 33. Kd2 Ke4 34. Rae1+ Kxd5 35. Re3 Rf8 36. f3 Rf4 37. Rg3 Rh4 38. c3 Rh2+ 39. Kd3 Rb2 40. c4+ Ke6 41. Ke4 c6 42. Rd3 Re2+ 43. Re3 Rd2 44. Rd3 Re2+ 45. Re3 d5+ 46. Kd3 Rb2 47. cxd5+ cxd5 48. Rg5 Rxb3+ 49. Kd2 Rxe3 50. Kxe3 Kf6 51. Rg2 Kf5 52. Rd2 d4+ 53. Kf2 g5 54. Rc2 Bf7 55. Rc5 b3 56. Rxa5 Bc4 57. Ra8 e4 58. fxe4+ Kxe4 59. Ke1 g4 60. Kd2 g3 61. Rg8 Bxg8 0-1


[Site "https://www.chess.com"]

[Event "Titled Tuesday Blitz November 29 Early 2022"]
[White "Jimenez, Joaquin"]
[Black "Bai, Adelard"]
[WhiteFideId "109860"]
[BlackFideId "16301188"]
[WhiteElo "2163"]
[BlackElo "2299"]
[Result "0-1"]
[Round "03"]
[TimeControl "180+1"]
[Date "2022.11.30"]
[WhiteClock "0:01:49"]
[BlackClock "0:01:21"]

1. e4 e5 2. Nf3 Nc6 3. Bc4 Nf6 4. d4 exd4 5. O-O Nxe4 6. Re1 d5 7. Bxd5 Qxd5 8. Nc3 Qa5 9. Nxe4 Be6 10. Neg5 O-O-O 11. Nxe6 fxe6 12. Rxe6 Bd6 13. Qe2 Kd7 14. Bd2 Qh5 15. Re1 Rde8 16. Rxe8 Rxe8 17. Qxe8+ Qxe8 18. Rxe8 Kxe8 19. Kf1 Kd7 20. Ke2 Ke6 21. Kd3 Kd5 22. h3 h6 23. a3 b5 24. c3 Ne5+ 25. Nxe5 Bxe5 26. f4 dxc3 27. bxc3 Bf6 28. Be3 c5 29. g4 a5 30. g5 c4+ 31. Kc2 Be7 32. h4 Bxa3 33. f5 hxg5 34. hxg5 Ke4 35. f6 gxf6 36. Bb6 fxg5 0-1


[Site "https://www.chess.com"]

[Event "Titled Tuesday Blitz November 29 Early 2022"]
[White "Jobava, Baadur"]
[Black "Averjanov, Alexey"]
[WhiteFideId "13601520"]
[BlackFideId "14109867"]
[WhiteElo "2582"]
[BlackElo "2625"]
[Result "1-0"]
[Round "03"]
[TimeControl "180+1"]
[Date "2022.11.30"]
[WhiteClock "0:00:29"]
[BlackClock "0:00:11"]

1. e4 c6 2. d4 d5 3. exd5 cxd5 4. c4 Nf6 5. Nc3 e6 6. Nf3 Be7 7. c5 O-O 8. Rb1 b6 9. b4 a5 10. a3 axb4 11. axb4 bxc5 12. bxc5 Nc6 13. Bb5 Bd7 14. O-O Ne4 15. Ne2 f5 16. Bxc6 Bxc6 17. Ne5 Qc8 18. f3 Nf6 19. Nxc6 Qxc6 20. Rb6 Qd7 21. Bf4 Rfc8 22. Qb3 Ne8 23. Rb7 Qd8 24. Qe3 Rc6 25. Rfb1 Rac8 26. Nc1 g5 27. Be5 Bf6 28. Nd3 Bxe5 29. Nxe5 R6c7 30. R7b6 Qf6 31. Re1 Ng7 32. f4 g4 33. Reb1 Qe7 34. Rb8 Ne8 35. R1b6 Nf6 36. Qa3 Ne4 37. Qa8 Rxb8 38. Rxb8+ Kg7 39. Rg8+ Kh6 40. Re8 Ra7 41. Rxe7 Rxa8 42. Rxe6+ Kg7 43. Kf1 Ra1+ 44. Ke2 Ra2+ 45. Ke3 Rxg2 46. c6 Rc2 47. Re7+ Kf6 48. Rxh7 Nc3 49. Kd3 Rc1 50. Nd7+ Kg6 51. Nf8+ Kf6 52. Kd2 Na2 53. c7 Rc4 54. Nd7+ Kg6 55. Ne5+ Kxh7 56. Nxc4 dxc4 57. c8=Q c3+ 58. Kd3 Nb4+ 59. Kxc3 Nd5+ 60. Kd2 Nxf4 61. Qxf5+ Ng6 62. Qxg4 Kh6 63. Qxg6+ Kxg6 64. Kd3 Kf5 65. Kc4 Ke6 66. Kc5 Kd7 67. d5 Kc7 68. h4 Kd7 69. h5 Ke7 70. h6 Kf7 71. d6 Kg6 72. d7 Kxh6 73. d8=Q Kg6 74. Qd5 Kf6 75. Qe4 Kg5 76. Qf3 Kg6 77. Qf4 Kg7 78. Qf5 Kh6 79. Qg4 Kh7 80. Qg5 Kh8 81. Kd5 Kh7 82. Ke6 Kh8 83. Kf7 Kh7 84. Qh5# 1-0


[Site "https://www.chess.com"]

[Event "Titled Tuesday Blitz November 29 Early 2022"]
[White "Jumabayev, Rinat"]
[Black "Odegov, Artem"]
[WhiteFideId "13702661"]
[BlackFideId "34183644"]
[WhiteElo "2561"]
[BlackElo "2298"]
[Result "1-0"]
[Round "03"]
[TimeControl "180+1"]
[Date "2022.11.30"]
[WhiteClock "0:00:06"]
[BlackClock "0:00:01"]

1. e4 e6 2. d3 d5 3. Nd2 c5 4. Ngf3 Nc6 5. g3 Nf6 6. Bg2 g6 7. O-O Bg7 8. Re1 O-O 9. c3 Re8 10. e5 Nd7 11. d4 f6 12. exf6 Qxf6 13. Nb3 c4 14. Nbd2 e5 15. dxe5 Ndxe5 16. Nxe5 Nxe5 17. Bxd5+ Kh8 18. Ne4 Nf3+ 19. Kh1 Qf8 20. Re3 Ne5 21. Ng5 h6 22. Rxe5 Bxe5 23. Nf7+ Kh7 24. Bxh6 Bg7 25. Bf4 Bf5 26. g4 Bd3 27. Qf3 Rac8 28. Qh3+ Bh6 29. Bxh6 Qc5 30. Be3+ Kg7 31. Bxc5 1-0


[Site "https://www.chess.com"]

[Event "Titled Tuesday Blitz November 29 Early 2022"]
[White "Kalashian, David"]
[Black "Grandelius, Nils"]
[WhiteFideId "13302418"]
[BlackFideId "1710400"]
[WhiteElo "2490"]
[BlackElo "2617"]
[Result "0-1"]
[Round "03"]
[TimeControl "180+1"]
[Date "2022.11.30"]
[WhiteClock "0:00:06"]
[BlackClock "0:00:14"]

1. d4 f5 2. Bg5 g6 3. Nc3 Bg7 4. e4 fxe4 5. Nxe4 d5 6. Nc3 c5 7. dxc5 d4 8. Ne4 Qd5 9. Bd3 Nc6 10. Nf3 Bf5 11. Qe2 O-O-O 12. a3 Nf6 13. Ned2 Nh5 14. Ne4 Rhf8 15. h3 h6 16. Bd2 Nf6 17. Ng3 Nd7 18. b4 Nde5 19. Nxf5 gxf5 20. b5 Nxd3+ 21. cxd3 Ne5 22. Bf4 Nxf3+ 23. Qxf3 e5 24. Bh2 Qe6 25. b6 a6 26. O-O Qc6 27. Qxc6+ bxc6 28. Rfe1 Rd5 29. Rac1 Re8 30. f3 Bf8 0-1


[Site "https://www.chess.com"]

[Event "Titled Tuesday Blitz November 29 Early 2022"]
[White "Kamsky, Gata"]
[Black "Ince, Taylan Ruzgar"]
[WhiteFideId "2000024"]
[BlackFideId "44513089"]
[WhiteElo "2666"]
[BlackElo "2147"]
[Result "1-0"]
[Round "03"]
[TimeControl "180+1"]
[Date "2022.11.30"]
[WhiteClock "0:00:39"]
[BlackClock "0:01:14"]

1. d4 Nf6 2. Bf4 g6 3. c3 Bg7 4. Nf3 O-O 5. Nbd2 d5 6. e3 c5 7. h3 b6 8. Be2 Bb7 9. O-O Nc6 10. a4 Nd7 11. Qb3 Na5 12. Qa2 Rc8 13. b4 cxb4 14. cxb4 Nc6 15. Rab1 e6 16. a5 Nf6 17. a6 Ba8 18. b5 Na5 19. Rbc1 Qe7 20. Rc2 Ne4 21. Rfc1 Qd7 22. Rc7 Rxc7 23. Rxc7 Qd8 24. Qc2 Nd6 25. Rxa7 Ndc4 26. Ne5 Bxe5 27. Bxe5 f6 28. Bg3 e5 29. Nxc4 dxc4 30. Bxc4+ Kh8 31. dxe5 Qb8 32. Re7 1-0


[Site "https://www.chess.com"]

[Event "Titled Tuesday Blitz November 29 Early 2022"]
[White "Khandelwal, Ankush"]
[Black "Papp, Levente"]
[WhiteFideId "413470"]
[BlackFideId "751243"]
[WhiteElo "2271"]
[BlackElo "2380"]
[Result "0-1"]
[Round "03"]
[TimeControl "180+1"]
[Date "2022.11.30"]
[WhiteClock "0:00:04"]
[BlackClock "0:00:14"]

1. e4 e6 2. d4 d5 3. Nc3 Bb4 4. exd5 exd5 5. Bd3 Nc6 6. a3 Bxc3+ 7. bxc3 Nge7 8. Nf3 O-O 9. O-O Bf5 10. Re1 Qd7 11. Rb1 b6 12. h3 Rfe8 13. Bf4 f6 14. Bh2 Na5 15. Nh4 Bxd3 16. cxd3 Ng6 17. Nxg6 Rxe1+ 18. Qxe1 hxg6 19. Qe3 Re8 20. Qg3 g5 21. Qg4 Qe7 22. f4 Qe3+ 23. Kh1 Qxd3 24. Rd1 Qe4 25. fxg5 Qxg4 26. hxg4 fxg5 27. Bxc7 Nc4 28. a4 Re7 29. Bd8 Re3 30. Bxg5 Rxc3 31. Kh2 Nd6 32. a5 b5 33. Rf1 Ne4 34. Be7 Rc7 35. Rf8+ Kh7 36. Bb4 Rc4 37. Bc5 Nxc5 38. Rc8 Ne4 39. Rc5 Nxc5 0-1


[Site "https://www.chess.com"]